 Dungeon Crawl Stone Soup version 0.24-a0-284-g9fb9971df1 (webtiles) character file.

Game seed: 9671058528483978728

95 HAL9000 the Vexing (level 4, -2/21 HPs)
             Began as a Vine Stalker Enchanter on May 5, 2019.
             Slain by a sky beast (5 damage)
             ... on level 6 of the Dungeon.
             The game lasted 00:05:15 (1752 turns).

HAL9000 the Vexing (Vine Stalker Enchanter)         Turns: 1752, Time: 00:05:16

Health: -2/21      AC:  4    Str: 11    XL:     4   Next: 65%
Magic:  0/8        EV: 12    Int: 16    God:
Gold:   181        SH:  0    Dex: 14    Spells: 1/7 levels left

rFire    . . .     SeeInvis .   a - +1 dagger
rCold    . . .     Gourm    .   (no shield)
rNeg     . . .     Faith    .   b - +0 robe
rPois    .         Spirit   +   f - +1 helmet
rElec    .         Reflect  .   (no cloak)
rCorr    .         Harm     .   (no gloves)
MR       .....                  (no boots)
Stlth    ++........             (no amulet)
HPRegen  0.47/turn              (no ring)
MPRegen  0.11/turn              (no ring)

@: no status effects
A: fangs 2, regeneration 1, magic shield, antimagic bite, no potion heal 3, rot
immunity
a: no special abilities


You were on level 6 of the Dungeon.
You were near starving.

You visited 1 branch of the dungeon, and saw 4 of its levels.

You collected 181 gold pieces.

Inventory:

Hand Weapons
 a - a +1 dagger (weapon)
Missiles
 o - 7 javelins (quivered)
Armour
 b - a +0 robe (worn)
 f - a +1 helmet (worn)
Scrolls
 c - a scroll of remove curse {unknown}
 g - 8 scrolls of identify {unknown}
 i - a scroll of teleportation
 j - a scroll of enchant weapon {unknown}
 l - a scroll of immolation {unknown}
 n - a scroll of amnesia {unknown}
Potions
 m - a potion of magic {unknown}
 p - a potion of heal wounds {unknown}
Comestibles
 d - 4 rations


   Skills:
 + Level 2.4 Short Blades
 - Level 1.5 Dodging
 - Level 3.6 Stealth
 - Level 2.1 Spellcasting
 + Level 4.5 Hexes


You had one spell level left.
You knew the following spells:

 Your Spells              Type           Power        Failure   Level  Hunger
a - Corona                Hex            ###....      3%          1    #......
b - Ensorcelled Hibernat  Hex/Ice        #.....       12%         2    ###....
c - Confuse               Hex            ###.....     10%         3    ###....

Your spell library contained the following spells:

 Spells                   Type           Power        Failure   Level  Hunger
 Tukima's Dance           Hex            ###.....     10%         3    ###....
 Dazzling Spray           Conj/Hex       #.....       24%         3    ###....


Dungeon Overview and Level Annotations

Branches:
Dungeon (3/15)

Altars:
Nemelex Xobeh
Sif Muna
Uskayaw

Shops:
D:6 (


Innate Abilities, Weirdness & Mutations

You have extremely sharp teeth.
Your natural rate of healing is unusually fast.
When hurt, damage is shared between your health and your magic reserves.
Your bite disrupts and absorbs the magic of your enemies.
Potions cannot restore your health.
You are immune to rotting.


Message History

The jackal closely misses you.
Casting: Ensorcelled Hibernation (safe; 12% risk of failure)
Confirm with . or Enter, or press ? or * to list all spells.
Aiming: Ensorcelled Hibernation (safe; 12% risk of failure)
Press: ? - help, Shift-Dir - straight line, f/p - sky beast
Aim: a sky beast (chance to defeat MR: 39%)
The sky beast looks drowsy...
The jackal barely misses you.
The helpless sky beast fails to defend itself.
You puncture the sky beast! Your bite misses the sky beast.
The sky beast is severely wounded.
The jackal barely misses you.
The sky beast flickers out of sight!
Deactivating autopickup; reactivate with Ctrl-A.
Something hits you. Something shocks you.
* * * LOW HITPOINT WARNING * * *
You barely miss something. The jackal bites you.
* * * LOW HITPOINT WARNING * * *
Something hits you.
* * * LOW HITPOINT WARNING * * *
Something shocks you.
You die...

.....#. #..##......##.#
.........#..#...#.........##
.........#..#...#..........#
..............#...........(.##
...≈........................#
..........##................#
.≈....#...##...............##
......#......####..........#
...≈...........{@.>.....#.##
..............#h.......####
.≈..(.................##
.........$##............#
...≈.......##..........##
......##...#.......#####
.≈....###.###...#### ......#
### ##... ...≈..# ....#


You could see a jackal.

Vanquished Creatures
  2 adders
  A shadow imp (D:6)
  An ooze (D:2)
  2 dart slugs
  5 leopard geckos
  2 orcs
  10 bats
  2 giant cockroaches
  3 hobgoblins
  A jackal (D:6)
  A quokka (D:2)
  A ball python (D:1)
  6 frilled lizards
  9 goblins
  3 kobolds
  9 rats
58 creatures vanquished.

Notes
Turn   | Place    | Note
-------+----------+-------------------------------------------
     0 | D:1      | HAL9000 the Vine Stalker Enchanter began the quest for the
                  | Orb.
     0 | D:1      | Reached XP level 1. HP: 9/9 MP: 4/4
    77 | D:1      | Reached skill level 1 in Short Blades
   175 | D:1      | Reached XP level 2. HP: 11/13 MP: 6/6
   633 | D:2      | Found a sparkling altar of Nemelex Xobeh.
   638 | D:2      | Reached XP level 3. HP: 16/16 MP: 7/7
   667 | D:2      | Learned a level 2 spell: Ensorcelled Hibernation
   671 | D:2      | Learned a level 3 spell: Confuse
   727 | D:2      | Noticed a +0 hand axe
   727 | D:2      | Noticed a +0 dagger
   731 | D:2      | Found a hide-covered altar of Uskayaw.
   737 | D:2      | Reached skill level 4 in Hexes
  1121 | D:2      | Gained mutation: Your natural rate of healing is unusually
                  | fast. [Vine Stalker growth]
  1121 | D:2      | Reached XP level 4. HP: 20/21 MP: 8/8
  1436 | D:2      | Found a deep blue altar of Sif Muna.
  1612 | D:3      | You fall through a shaft for 3 floors!
  1621 | D:6      | Found Qumocoon's Antique Weapon Emporium.
  1642 | D:6      | HP: 1/21 [poisoned by an orc priest]
  1647 | D:6      | HP: 2/46 [poisoned by an orc priest]
  1709 | D:6      | Noticed a sky beast
  1752 | D:6      | Slain by a sky beast

Levels and vault maps discovered:
D:1:      onia_arrival_mini_spirals, layout_rooms, interstate_on_off
D:2:      layout_loops_ring, lemuel_round_altar, dancing_weapons_uskayaw,
          nemelex_dance_club_becter
D:3:      layout_basic, first_ration
D:6:      layout_cave_pools, lemuel_coloured_pillars_altar,
          nicolae_overflow_hidden_temple, serial_shops, shop,
          nicolae_shop_trees, shop, nicolae_shop_waterfront, kennysheep_mini,
          kennysheep_crisscross

Skill      XL: |  1  2  3 |
---------------+----------+-----
Short Blades   | 1 2 |  2.4
Hexes          | 4 |  4.5
Dodging        | |  1.5
Stealth        | |  3.6
Spellcasting   | |  2.1

Action                   |  1- 3 |  4- 6 || total
-------------------------+-------+-------++-------
Melee: Dagger            |    79 |    59 ||   138
       Bite              |     8 |    11 ||    19
 Cast: Corona            |     6 |     1 ||     7
       Ensorcelled Hiber |     4 |     6 ||    10
  Use: Potion            |       |     3 ||     3
       Scroll            |       |     1 ||     1
 Stab: Sleeping          |    16 |     5 ||    21
  Eat: Chunk             |     1 |     1 ||     2
Armor: Robe              |    10 |    33 ||    43
Dodge: Dodged            |    34 |    66 ||   100

Table legend:
 A = Non-vault XP
 B = Vault XP
 C = Vault XP percentage of total XP
 D = Non-vault monster count
 E = Vault monster count
 F = Vault count percentage of total count
                 A         B        C        D         E       F
            +---------+---------+-------+---------+---------+-------
      Total |     127 |       9 |   6.6 |      56 |       2 |   3.4
            +---------+---------+-------+---------+---------+-------
        D:1 |      24 |       0 |   0.0 |      17 |       0 |   0.0
        D:2 |      61 |       9 |  12.9 |      29 |       2 |   6.5
        D:3 |      24 |       0 |   0.0 |       6 |       0 |   0.0
        D:6 |      18 |       0 |   0.0 |       4 |       0 |   0.0
            +---------+---------+-------+---------+---------+-------
